Map: Beckett Industries LE

Players

ChichO

  • Race: Protoss Protoss
  • League: Silver
  • Spawn Location: 1:00

Pumba - Winner!

  • Race: Protoss Protoss
  • League: Bronze
  • Spawn Location: 7:00

VOD

Have the link to the VOD?

Description

Time

  • Played on: Jan. 25, 2022, 6:05 p.m.
  • Length: 9:46
Show
View Real Time Build Order
Export as new Build Order

ChichO Protoss 

Build Orders:  

Get SALT Encoding   

  12  0:00  Probe  
  13  0:19  Pylon, Probe (Chrono Boost)  
  14  0:29  Probe (Chrono Boost)  
  15  0:43  Gateway  
  15  0:52  Probe  
  16  1:04  Probe (Chrono Boost)  
  17  1:37  Cybernetics Core  
  17  1:59  Nexus  
  17  2:02  Pylon  
  17  2:13  Assimilator  
  17  2:25  Assimilator  
  18  2:37  Probe (Chrono Boost)  
  18  2:39  Forge  
  18  2:46  Probe (Chrono Boost)  
  19  2:54  Stalker  
  19  2:58  Probe  
  22  3:10  Probe (Chrono Boost)  
  24  3:20  Probe (Chrono Boost)  
  24  3:25  Probe x2 (Chrono Boost)  
  26  3:36  Probe  
  26  3:37  Probe  
  28  3:42  Stalker, Warp Gate (Chrono Boost)  
  28  3:48  Probe  
  31  3:49  Probe  
  31  3:53  Protoss Ground Weapons Level 1  
  32  4:00  Probe  
  32  4:02  Probe  
  34  4:05  Assimilator  
  34  4:12  Probe  
  34  4:15  Stalker  
  37  4:26  Pylon  
  37  4:33  Gateway  
  37  4:35  Gateway  
  37  4:43  Probe (Chrono Boost)  
  39  4:47  Probe (Chrono Boost)  
  39  4:48  Stalker  
  42  4:54  Probe (Chrono Boost)  
  42  4:57  Probe (Chrono Boost)  
  42  4:58  Probe (Chrono Boost)  
  42  4:59  Robotics Facility  
  43  5:01  Robotics Facility  
  45  5:07  Probe (Chrono Boost)  
  45  5:13  Photon Cannon  
  45  5:15  Photon Cannon  
  45  5:17  Shield Battery  
  45  5:25  Assimilator  
  45  5:31  Probe (Chrono Boost)  
  46  5:39  Stalker x3  
  46  5:41  Probe (Chrono Boost)  
  53  5:58  Pylon  
  53  6:03  Pylon  
  53  6:06  Nexus  
  53  6:14  Gateway  
  53  6:18  Gateway  
  53  6:19  Stalker  
  53  6:21  Gateway  
  53  6:22  Gateway  
  53  6:24  Probe, Gateway  
  56  6:36  Immortal (Chrono Boost)  
  56  6:38  Observer (Chrono Boost)  
  61  6:49  Stalker x2  
  61  6:54  Immortal (Chrono Boost)  
  69  7:10  Probe  
  70  7:18  Probe  
  70  7:22  Probe  
  72  7:30  Probe  
  72  7:31  Pylon  
  72  7:34  Probe  
  72  7:35  Pylon  
  74  7:37  Pylon  
  74  7:42  Probe  
  75  7:46  Probe  
  64  7:53  Stalker  
  64  7:54  Stalker x6, Probe  
  64  7:55  Stalker  
  62  7:58  Probe  
  55  8:06  Probe  
  42  8:20  Stalker x3  
  42  8:21  Stalker x3  
  42  8:22  Stalker  
Show
View Real Time Build Order
Export as new Build Order

Pumba Protoss - Winner!

Build Orders: 1 Gate Expand, Zealot Archon 

Get SALT Encoding   

  12  0:00  Probe  
  13  0:13  Probe  
  14  0:20  Pylon  
  14  0:25  Probe  
  15  0:38  Probe (Chrono Boost)  
  15  0:42  Gateway  
  16  0:48  Probe (Chrono Boost)  
  17  0:51  Assimilator  
  17  0:55  Probe  
  18  1:07  Probe  
  19  1:19  Probe  
  20  1:42  Nexus  
  20  1:46  Cybernetics Core, Probe  
  21  1:53  Assimilator  
  21  1:58  Probe  
  21  2:00  Pylon  
  22  2:14  Probe  
  23  2:17  Warp Gate  
  23  2:23  Stalker (Chrono Boost)  
  23  2:26  Probe  
  26  2:39  Probe  
  27  2:48  Stalker, Robotics Facility  
  29  2:54  Probe (Chrono Boost)  
  29  2:55  Probe (Chrono Boost)  
  33  3:05  Probe (Chrono Boost)  
  33  3:08  Probe (Chrono Boost)  
  33  3:10  Probe (Chrono Boost)  
  34  3:13  Gateway  
  34  3:16  Probe  
  34  3:19  Gateway  
  35  3:24  Probe  
  36  3:28  Stalker, Probe  
  39  3:36  Probe  
  39  3:40  Probe  
  40  3:45  Observer (Chrono Boost)  
  40  3:48  Probe  
  42  3:51  Pylon  
  42  3:52  Probe  
  42  3:55  Pylon  
  43  4:00  Probe  
  44  4:07  Probe  
  49  4:10  Immortal  
  49  4:12  Probe  
  49  4:15  Stalker x3  
  56  4:27  Pylon  
  56  4:29  Probe x2, Assimilator  
  58  4:31  Assimilator  
  58  4:35  Twilight Council  
  58  4:41  Probe  
  58  4:43  Probe  
  60  4:53  Probe  
  61  5:19  Charge (Chrono Boost)  
  61  5:31  Gateway  
  61  5:33  Gateway x2  
  61  5:34  Gateway  
  61  5:38  Gateway  
  61  5:40  Gateway  
  61  5:43  Pylon  
  61  5:45  Pylon  
  61  5:47  Pylon  
  60  5:54  Pylon  
  60  5:58  Immortal (Chrono Boost), Templar Archives  
  64  6:14  Zealot x3  
  70  6:23  Pylon  
  70  6:25  Pylon  
  70  6:27  Warp Prism (Chrono Boost), Pylon  
  70  6:28  Pylon  
  70  6:30  Pylon  
  70  6:32  Pylon  
  72  6:36  Zealot x4  
  72  6:37  Zealot x2  
  84  6:58  Zealot x2  
  84  6:59  Zealot x4  
  96  7:23  High Templar  
  96  7:24  High Templar x2  
  96  7:25  High Templar  
  96  7:26  High Templar x2  
  96  7:27  High Templar x2  
  96  7:28  Archon  
  96  7:29  Archon  
  112  7:30  Archon  
  112  7:31  Archon  
  104  8:01  Zealot x9  
  114  9:40  Zealot x9  
Tags
 
Add a new tag
Caveats
  • Supply blocks, unpowered buildings, or Contaminate may cause inaccurate times.
  • Supply counts are checked every 10 seconds.